 Dungeon Crawl Stone Soup version 0.29.1-4-g47bece8355 (webtiles) character file.

Game seed: 12785801235679553933

2067 concernfroge the Trooper (level 9, -14/72 HPs)
             Began as a Mummy Monk on Dec 4, 2022.
             Was an Elder of Okawaru.
             Shot with a bolt by an orc warrior (25 damage)
             ... on level 7 of the Dungeon.
             The game lasted 00:13:40 (5319 turns).

concernfroge the Trooper (Mummy Monk)               Turns: 5319, Time: 00:13:40

Health: -14/72     AC: 10    Str: 24    XL:     9   Next: 5%
Magic:  20/20      EV:  9    Int:  9    God:    Okawaru [****..]
Gold:   323        SH:  0    Dex: 15    Spells: 8/8 levels left

rFire   x x .      SeeInvis .   l - +8 flail
rCold   + . .      Faith    .   (no shield)
rNeg    + + +      Spirit   .   d - +0 chain mail
rPois   ∞          Reflect  +   (no helmet)
rElec   .          Harm     .   g - +0 cloak
rCorr   .          Rampage  +   f - +0 pair of gloves
Will    +....                   (no boots)
Stlth   ..........              e - amulet of Hecog {Reflect Rampage rF- MP+9 SH+5 Stlth+}
HPRegen 0.22/turn               h - +4 ring of slaying
MPRegen 0.17/turn               o - +6 ring of strength

@: confused
A: cold resistance 1, negative energy resistance 3, torment resistance 2, heat
vulnerability 1, in touch with death 1, no potions
a: Renounce Religion, Heroism, Finesse


You were on level 7 of the Dungeon.
You worshipped Okawaru.
Okawaru was greatly pleased with you.
You visited 2 branches of the dungeon, and saw 8 of its levels.

You collected 323 gold pieces.

Inventory:

Hand Weapons
 l - a +8 flail (weapon)
Missiles
 b - a silver boomerang
 k - 2 poisoned darts (quivered)
Armour
 d - a +0 chain mail (worn)
 f - a +0 pair of gloves (worn)
 g - a +0 cloak (worn)
Jewellery
 e - the amulet of Hecog (around neck) {Reflect Rampage rF- MP+9 SH+5 Stlth+}
   (You acquired it on level 4 of the Dungeon)

   [amulet of reflection]

   It reflects blocked missile attacks.
   rF:        It makes you vulnerable to fire.
   MP:        It affects your magic capacity (+9).
   SH:        It affects your SH (+5).
   Rampage:   It bestows one free step when moving towards enemies.
   Stlth:     It makes you more stealthy.
 h - a +4 ring of slaying (left hand)
 o - a +6 ring of strength (right hand)
Wands
 c - a wand of roots (8)
 n - a wand of digging (7)
Scrolls
 i - a scroll of vulnerability
 j - a scroll of blinking
 p - 2 scrolls of teleportation


   Skills:
 + Level 7.4 Fighting
 - Level 4.0 Polearms
 + Level 3.7 Throwing
 - Level 4.0 Dodging
 - Level 1.5 Stealth
 + Level 3.8 Invocations
 + Level 3.8 Evocations


You had 8 spell levels left.
You didn't know any spells.
Your spell library contained the following spells:

 Spells                   Type           Power      Damage    Failure   Level
 Gell's Gravitas          Tloc           0%         N/A       100%        3
 Lesser Beckoning         Tloc           0%         N/A       100%        3
 Teleport Other           Tloc           0%         N/A       100%        3
 Airstrike                Air            0%         2d(0-16)  100%        4
 Alistair's Intoxication  Tmut/Pois      0%         N/A       100%        5
 Borgnjor's Vile Clutch   Necr/Erth      0%         N/A       100%        5
 Lightning Bolt           Conj/Air       0%         1d11      100%        5
 Eringya's Noxious Bog    Tmut/Pois      0%         N/A       100%        6
 Summon Small Mammal      Summ           Unusable   N/A       N/A         1
 Call Canine Familiar     Summ           Unusable   N/A       N/A         3
 Summon Guardian Golem    Hex/Summ       Unusable   N/A       N/A         3
 Summon Lightning Spire   Summ/Air       Unusable   N/A       N/A         4

Dungeon Overview and Level Annotations

Branches:
Dungeon (7/15)             Temple (1/1) D:6

Altars:
Cheibriados
Dithmenos
Fedhas
Gozag
Hepliaklqana
Kikubaaqudgha
Makhleb
Okawaru
Qazlal
Ru
Sif Muna
Trog
Uskayaw
Vehumet
Wu Jian
Xom
Yredelemnul

Annotations:
D:4 3 runed translucent doors, GigaChad's ghost, novice MiFi; SirLogeyBear's ghost, novice HOBe; Wentworth's ghost, amateur VSIE
D:7 1 runed translucent door, Crazy Yiuf


Innate Abilities, Weirdness & Mutations

You are immune to poison.
Your flesh is cold resistant. (rC+)
You are immune to negative energy. (rN+++)
You are immune to unholy pain and torment.
You are vulnerable to heat. (rF-)
You are in touch with the powers of death.
You do not drink.


Message History

The orc priest is poisoned.
The orc wizard mumbles some strange words.
The orc wizard flickers and vanishes!
Deactivating autopickup; reactivate with Ctrl-A.
You bludgeon the orc priest!!
You kill the orc priest!
Okawaru accepts your kill.
The orc warrior unwields a +0 mace.
The orc warrior wields a +0 arbalest.
The orc warrior shoots a bolt.
The bolt barely misses you.
Okay, then.
The orc warrior shoots a bolt.
The bolt hits you!! Something hits you but does no damage.
The orc warrior unwields a +0 arbalest.
The orc warrior wields a +0 mace.
The orc warrior barely misses you.
There is an open door, spattered with blood here.
Things that are here:
a +0 club; an orc corpse You sock the orc warrior!
The orc warrior is moderately wounded.
Something hits you but does no damage.
The orc warrior hits you with a +0 mace.
Something hits you.
You hit the orc warrior.
The orc warrior is heavily wounded.
The orc warrior hits you with a +0 mace!
Something hits you.
The orc warrior hits you with a +0 mace!
You hit the orc warrior.
The orc warrior is severely wounded.
You hear some strange, mumbled words.
You are confused.
The orc warrior closely misses you. Something hits you.
The orc warrior unwields a +0 mace.
The orc warrior wields a +0 arbalest.
The orc warrior shoots a bolt.
The bolt hits you!
* * * LOW HITPOINT WARNING * * *
You are too confused!
You bump into the rock wall.
The orc warrior shoots a bolt.
The bolt hits you but does no damage.
The orc warrior shoots a bolt.
The bolt closely misses you.
You bump into the rock wall.
The orc warrior shoots a bolt.
The bolt hits you!!
You die...

#.# #. .#.#..# #.#
#..#.....# #.# #..##.#..#
##.# #..##.#..# #+## .#.#
#........# #...# ...####
#........# #..... ......#
#.##..##.##......
.####.####.#)..##.#.......
................@.)o......
..###.####.#....#.#.......
#.# #.# #.##.#.#.##......
#.# #.# #.####)#.# #.....
.# #.# #........# #...# ..
..# ######.### #+## ###
#.# #.# ...


You could see an orc warrior.

Vanquished Creatures
  Grinder (D:6)
  A shadow (D:6)
  A wraith (D:6)
  Edmund (D:6)
  Duvessa (D:6)
  2 ice beasts (D:6)
  2 centaurs
  2 phantoms (D:5)
  A necrophage (D:6)
  A bullfrog (D:6)
  4 scorpions
  Dowan (D:6)
  A killer bee (D:6)
  An orc priest (D:7)
  4 hounds
  2 iguanas (D:5)
  An orc wizard (D:3)
  7 adders
  A shadow imp (D:6)
  A white imp (D:6)
  2 ufetubi
  8 orcs
  5 endoplasms
  3 giant cockroaches
  7 goblins
  4 hobgoblins
  8 jackals
  8 kobolds
  3 quokkas (D:1)
  A ball python (D:2)
  7 bats
  5 frilled lizards
  6 rats
103 creatures vanquished.

Vanquished Creatures (others)
  A shadow (D:5)
  3 withered plants (D:4)
4 creatures vanquished.

Grand Total: 107 creatures vanquished

Notes
Turn   | Place    | Note
-------+----------+-------------------------------------------
     0 | D:1      | concernfroge the Mummy Monk began the quest for the Orb.
     0 | D:1      | Reached XP level 1. HP: 18/18 MP: 1/1
   223 | D:1      | Reached XP level 2. HP: 21/24 MP: 2/2
   418 | D:1      | Reached skill level 4 in Fighting
   721 | D:1      | Gained mutation: You are in touch with the powers of death.
                  | [Mummy growth]
   721 | D:1      | Reached XP level 3. HP: 30/30 MP: 3/3
  2168 | D:3      | Reached skill level 5 in Fighting
  2168 | D:3      | Reached XP level 4. HP: 20/39 MP: 4/4
  2910 | D:4      | Identified a scroll of acquirement
  2911 | D:4      | Acquired the amulet of Hecog {Reflect Rampage rF- MP+9 SH+5
                  | Stlth+}
  3062 | D:4      | Identified the +2 hand axe of Saril {holy, rElec Dex+3}
  3066 | D:4      | Noticed an ogre
  3129 | D:4      | Found a runed translucent gate.
  3129 | D:4      | Found a runed translucent gate.
  3129 | D:4      | Found a runed translucent gate.
  3129 | D:4      | Noticed Wentworth's ghost (amateur VSIE)
  3130 | D:4      | Noticed GigaChad's ghost (novice MiFi)
  3130 | D:4      | Noticed SirLogeyBear's ghost (novice HOBe)
  3138 | D:4      | Reached XP level 5. HP: 37/44 MP: 5/5
  3164 | D:4      | Reached skill level 1 in Throwing
  3164 | D:4      | Reached skill level 1 in Evocations
  3164 | D:4      | Reached XP level 6. HP: 38/52 MP: 6/6
  3323 | D:5      | Entered Level 5 of the Dungeon
  3371 | D:5      | Found an iron altar of Okawaru.
  3372 | D:5      | Found a hide-covered altar of Uskayaw.
  3382 | D:5      | Became a worshipper of Warmaster Okawaru
  3382 | D:5      | Reached * piety under Okawaru
  3382 | D:5      | Reached ** piety under Okawaru
  3530 | D:5      | Reached skill level 6 in Fighting
  3537 | D:5      | Reached skill level 1 in Invocations
  3587 | D:5      | Reached XP level 7. HP: 51/58 MP: 7/7
  3808 | D:5      | Noticed a shadow
  3814 | D:5      | Killed a shadow
  4068 | D:5      | You fall into a shaft and drop 2 floors!
  4069 | D:7      | Found a runed translucent door.
  4070 | D:7      | Noticed Crazy Yiuf
  4172 | D:6      | Found a sacrificial altar of Ru.
  4175 | D:6      | Found a bloodstained altar of Trog.
  4177 | D:6      | Found a shimmering altar of Xom.
  4302 | D:6      | Reached *** piety under Okawaru
  4400 | D:6      | Noticed a shadow
  4403 | D:6      | Reached XP level 8. HP: 65/65 MP: 9/9
  4426 | D:6      | Noticed Dowan
  4427 | D:6      | Noticed Duvessa
  4430 | D:6      | Noticed Grinder
  4433 | D:6      | Killed Duvessa
  4436 | D:6      | Killed Dowan
  4439 | D:6      | Killed Grinder
  4461 | D:6      | Reached **** piety under Okawaru
  4462 | D:6      | Reached skill level 7 in Fighting
  4756 | D:6      | Found a staircase to the Ecumenical Temple.
  4765 | Temple   | Entered the Ecumenical Temple
  4794 | D:6      | Noticed Edmund
  4801 | D:6      | Killed Edmund
  5010 | D:6      | Reached XP level 9. HP: 72/72 MP: 11/11
  5319 | D:7      | Shot with a bolt by an orc warrior

Illustrated notes

Levels and vault maps discovered:
D:1:      onia_arrival_mini_maze_b, layout_rooms, nrook_mini_vaults,
          dreamdust_mushroom_princess, patterned_corridor
D:2:      minmay_inner_zag, layout_basic, st_stairs_12
D:3:      layout_basic
D:4:      layout_loops_cross, gammafunk_ghost_cemetery, portal_sewer_entry_b
D:5:      minmay_diamond_boxcup, layout_loops_corners,
          chequers_temple_overflow_statue_of_worship,
          nicolae_overflow_hidden_temple, uniq_menkaure
D:6:      layout_gridville, grunt_temple_overflow_open,
          minmay_temple_entry_junction, grunt_ministairs_7, minmay_three_doors,
          uniq_duvessa, uniq_grinder, uniq_edmund
D:7:      minmay_slanted_spiral_squares, layout_loops_corners,
          uniq_crazy_yiuf_cottage, uniq_prince_ribbit1
Temple:   hellmonk_temple_two_chambers

Skill      XL: |  1  2  3  4  5  6  7  8 |
---------------+-------------------------+-----
Fighting       | 4 5 6 7 |  7.4
Throwing       | 1 2 3 |  3.7
Evocations     | 1 2 3 |  3.8
Polearms       | 3 4 |  4.0
Dodging        | 3 4 |  4.0
Invocations    | 1 2 3 |  3.8
Stealth        | |  1.5

Action                   |  1- 3 |  4- 6 |  7- 9 || total
-------------------------+-------+-------+-------++-------
Melee: Spear             |   169 |   125 |    73 ||   367
       Punch             |     1 |       |       ||     1
       Flail             |       |       |    19 ||    19
Throw: Boomerang         |       |     1 |     3 ||     4
       Dart              |       |       |     5 ||     5
Invok: Heroism           |       |       |     1 ||     1
Evoke: Wand              |       |       |     7 ||     7
  Use: Scroll            |     4 |     4 |     2 ||    10
 Stab: Sleeping          |     4 |       |       ||     4
Armor: Leather armour    |    27 |       |       ||    27
       Scale mail        |     8 |     1 |       ||     9
       Chain mail        |       |    57 |    55 ||   112
Dodge: Dodged            |    78 |    39 |    35 ||   152
Block: Other             |       |    16 |    22 ||    38
       Reflection        |       |       |     4 ||     4
